AoeStats
← Lucky Luck

MegaRandom

510070192Analyzed
4v4 RM · 3d ago on Sep 29, 2026· 80m 45s· 8 players
Game mode
Random Map
Map size
Large (8 player)
Population
200
Speed
Normal
Resources
Standard
Victory
Conquest
Starting age
Dark Age
Ending age
Imperial Age
RankedLock teamsTeams togetherTeam positionsShared explorationLock speedFull tech treeHidden civsTurbo modeCheats
Victory
Defeat
🇨🇳 Magyars · China
748
+14
🇨🇳 Turks · China
746
+14
🇨🇳 Chinese · China
739
+14
🇨🇳 Ethiopians · China
710
+15
🇦🇺 Bohemians · Australia
742
-16
🇪🇸 Vikings · Spain
720
-15
🇦🇺 Turks · Australia
681
-14
🇦🇺 Mongols · Australia
645
-12
863111034
11:32 Feudal Age
15:28 Loom
22:08 Castle Age
25:04 Bloodlines
25:08 Horse Collar
25:17 Double-Bit Axe
25:49 Husbandry
31:44 Scale Barding Armor
40:55 Forging
42:31 Gold Mining
43:28 Wheelbarrow
43:25 Fletching
43:37 Padded Archer Armor
48:31 Leather Archer Armor
48:11 Bodkin Arrow
54:11 Imperial Age
52:06 Thumb Ring
55:27 Hand Cart
54:37 Pikeman
55:18 Squires
61:43 Chemistry
61:04 Ballistics
60:07 Elite Chu Ko Nu
64:06 Halberdier
68:12 Bracer
68:43 Ring Archer Armor
70:22 Scale Mail Armor
70:58 Iron Casting
80:08 Chain Mail Armor
80:53 Blast Furnace
80:16 Chain Barding Armor
80:32 Rocketry
83766496
5:14 Loom
11:26 Feudal Age
16:27 Castle Age
14:32 Double-Bit Axe
15:13 Horse Collar
24:15 Wheelbarrow
23:30 Town Watch
27:37 Bloodlines
30:56 Imperial Age
28:44 Hand Cart
29:45 Bloodlines
29:48 Heavy Plow
31:24 Forging
31:36 Gold Mining
31:59 Bow Saw
32:57 Husbandry
33:29 Fervor
34:23 Two-Man Saw
33:52 Town Patrol
36:13 Scale Barding Armor
36:44 Iron Casting
36:35 Conscription
37:07 Heavy Camel Rider
39:09 Chain Barding Armor
40:21 Blast Furnace
39:26 Treadmill Crane
40:07 Ballistics
40:02 Fortified Wall
42:13 Plate Barding Armor
43:11 Fishing Lines
45:33 Bombard Tower
45:24 Masonry
45:10 Murder Holes
46:11 Gillnets
46:58 Padded Archer Armor
46:50 Fletching
47:45 Medium Warships
47:59 Leather Archer Armor
47:40 Bodkin Arrow
48:31 Guilds
48:23 Caravan
48:55 Coinage
50:22 Banking
50:44 Ring Archer Armor
50:15 Bracer
50:21 Artillery
51:01 Hoardings
53:35 Scale Mail Armor
57:04 Architecture
56:20 Arrowslits
57:26 Gold Shaft Mining
56:43 Stone Mining
57:10 Chain Mail Armor
56:18 Cavalier
63:06 Plate Mail Armor
71:13 Capped Ram
72:10 Siege Ram
怎么就违规了
10:03 Feudal Age
10:53 Double-Bit Axe
11:12 Loom
18:38 Castle Age
17:06 Horse Collar
19:31 Bow Saw
20:15 Fletching
21:58 Gold Mining
23:35 Ballistics
24:39 Wheelbarrow
24:45 Bodkin Arrow
24:58 Scale Barding Armor
27:41 Treadmill Crane
29:01 Stone Mining
29:44 Padded Archer Armor
30:29 Hand Cart
34:05 Imperial Age
32:41 Leather Archer Armor
32:45 Town Watch
34:50 Chain Barding Armor
34:33 Husbandry
34:47 Bloodlines
35:28 Recurve Bow
36:02 Parthian Tactics
37:37 Chemistry
37:42 Conscription
37:56 Heavy Cavalry Archer
39:12 Ring Archer Armor
39:09 Heavy Plow
39:59 Masonry
39:56 Corvinian Army
40:49 Gold Shaft Mining
40:37 Town Patrol
41:22 Plate Barding Armor
42:42 Thumb Ring
42:42 Bracer
42:48 Elite Magyar Huszar
47:11 Two-Man Saw
48:17 Crop Rotation
63:58 Capped Ram
71:41 Spies/Treason
爆脆星星堡
0:48 Loom
12:45 Feudal Age
14:05 Wheelbarrow
24:45 Castle Age
23:04 Double-Bit Axe
24:02 Fletching
25:21 Padded Archer Armor
28:05 Fervor
27:22 Crossbowman
29:46 Hand Cart
30:37 Fortified Wall
31:55 Gold Mining
31:55 Stone Mining
33:17 Masonry
33:07 Bodkin Arrow
36:12 Bow Saw
35:50 Horse Collar
43:00 Imperial Age
40:50 Leather Archer Armor
41:15 Town Watch
42:20 Thumb Ring
42:59 Ballistics
42:44 Elite Skirmisher
44:03 Conscription
43:47 Torsion Engines
43:14 Arbalester
44:28 Ring Archer Armor
43:58 Bracer
44:04 Town Patrol
45:11 Chemistry
44:42 Architecture
45:52 Gold Shaft Mining
45:57 Stone Shaft Mining
71:08 Spies/Treason
Lucky Luck
2:02 Loom
17:11 Feudal Age
18:06 Double-Bit Axe
18:32 Horse Collar
19:24 Fishing Lines
26:20 Castle Age
26:29 Forging
26:20 Scale Mail Armor
26:10 Arson
28:00 Iron Casting
27:55 Bow Saw
27:41 Gold Mining
27:45 Stone Mining
27:59 Heavy Plow
28:05 Squires
27:31 Pikeman
29:54 Treadmill Crane
31:31 Chain Mail Armor
32:52 Gold Shaft Mining
36:11 Imperial Age
37:27 Conscription
36:28 Elite Berserk
38:14 Blast Furnace
37:24 Gillnets
38:44 Chieftains
40:31 Ballistics
41:12 Chemistry
40:08 Murder Holes
40:24 Fortified Wall
46:05 Capped Ram
46:55 Caravan
48:04 Plate Mail Armor
54:00 Siege Ram
54:46 Town Watch
56:14 Elite Varangian Guard
59:13 Heavy Scorpion
62:04 Siege Engineers
Bulldog
6:15 Loom
17:43 Feudal Age
18:26 Man-at-Arms
18:54 Arson
27:11 Castle Age
25:31 Double-Bit Axe
28:26 Forging
28:57 Fervor
34:27 Long Swordsman
36:36 Squires
40:45 Imperial Age
39:49 Scale Mail Armor
40:26 Iron Casting
41:42 Wheelbarrow
hwdelves
13:32 Feudal Age
14:57 Wheelbarrow
14:13 Double-Bit Axe
15:06 Loom
20:55 Castle Age
21:59 Bloodlines
22:29 Scale Barding Armor
24:15 Forging
27:50 Hand Cart
31:03 Gold Mining
33:43 Chain Barding Armor
33:59 Iron Casting
33:27 Husbandry
35:08 Gold Shaft Mining
34:23 Stone Mining
39:55 Imperial Age
40:05 Coinage
41:06 Banking
41:29 Plate Barding Armor
41:55 Blast Furnace
40:21 Cavalier
43:33 Elite Janissary
44:34 Conscription
will
11:38 Feudal Age
12:07 Double-Bit Axe
13:14 Horse Collar
21:13 Castle Age
21:31 Bloodlines
22:15 Light Cavalry
24:35 Husbandry
28:51 Wheelbarrow
31:37 Hand Cart
31:09 Town Watch
32:38 Scale Barding Armor
32:38 Town Patrol
40:50 Imperial Age
41:00 Chain Barding Armor
42:51 Elite Mangudai
45:10 Hussar
47:12 Heavy Plow
51:04 Hoardings
Connection lost

Rejoining the realm…

Still unreachable

The connection could not be restored.

Session expired

The server has moved on; the page needs a fresh start.